 Dungeon Crawl Stone Soup version 0.22.1-2-g9c5b331 (webtiles) character file.

1210 Harpaggios the Spear-Bearer (level 8, -6/67 HPs)
             Began as a Merfolk Gladiator on Dec 22, 2018.
             Was a Follower of Okawaru.
             Mangled by Duvessa
             ... wielding a +0 short sword
              (13 damage)
             ... on level 5 of the Dungeon.
             The game lasted 00:24:48 (5218 turns).

Harpaggios the Spear-Bearer (Merfolk Gladiator)     Turns: 5218, Time: 00:24:48

Health: -6/67      AC:  5    Str: 14    XL:     8   Next: 45%
Magic:  8/8        EV: 16    Int:  8    God:    Okawaru [*.....]
Gold:   297        SH:  0    Dex: 17    Spells: 7/7 levels left

rFire    . . .     SeeInvis .   m - +1 spear (pierce)
rCold    . . .     Gourm    .   (no shield)
rNeg     + . .     Faith    .   b - +0 leather armour
rPois    .         Spirit   .   c - +1 helmet
rElec    .         Reflect  .   g - scarf {repulsion}
rCorr    +         Harm     .   (no gloves)
MR       .....                  (no boots)
Stlth    +.........             (no amulet)
HPRegen  0.21/turn              n - ring of resist corrosion
MPRegen  0.11/turn              l - ring of positive energy

@: repel missiles
A: change form in water, swift swim, stealthy swim
a: Heroism, Renounce Religion


You were on level 5 of the Dungeon.
You worshipped Okawaru.
Okawaru was aware of your devotion.
You were not hungry.

You visited 2 branches of the dungeon, and saw 6 of its levels.

You collected 297 gold pieces.

Inventory:

Hand Weapons
 m - a +1 spear of piercing (weapon)
Missiles
 e - 7 javelins (quivered)
 p - 7 javelins of returning
Armour
 b - a +0 leather armour (worn)
 c - a +1 helmet (worn)
 g - a scarf of repulsion (worn)
Jewellery
 l - a ring of positive energy (right hand)
 n - a ring of resist corrosion (left hand)
 o - an uncursed ring of stealth
 q - a +3 ring of dexterity {unknown}
Wands
 r - a wand of flame (33)
Scrolls
 d - a scroll of fog
 h - a scroll of identify
 k - a scroll of amnesia
Potions
 a - 2 potions of lignification
 i - a potion of heal wounds
Comestibles
 f - 5 rations
 j - 4 chunks of flesh


   Skills:
 * Level 7.6 Fighting
 + Level 8.0 Polearms
 + Level 3.3 Throwing
 + Level 7.3 Dodging


You had 7 spell levels left.
You didn't know any spells.
Your spell library contained the following spells:

 Spells                   Type           Power        Failure   Level  Hunger
 Shock                    Conj/Air       #...         50%         1    ##.....
 Swiftness                Chrm/Air       #.......     63%         2    ###....
 Static Discharge         Conj/Air       #.......     86%         3    ####...
 Airstrike                Air            #.........   99%         4    #####..
 Lightning Bolt           Conj/Air       #.........   100%        5    ######.


Dungeon Overview and Level Annotations

Branches:
Dungeon (5/15)             Temple (1/1) D:4

Altars:
Ashenzari
Cheibriados
Elyvilon
Gozag
Hepliaklqana
Kikubaaqudgha
Makhleb
Okawaru
Qazlal
Ru
Sif Muna
Trog
Uskayaw
Vehumet
Xom
Yredelemnul
The Shining One

Annotations:
D:5 Duvessa


Message History

Duvessa is almost dead.
Duvessa hits you but does no damage.
You barely miss Duvessa.
Duvessa is almost dead.
Duvessa hits you with a short sword.
You barely miss Duvessa.
Duvessa is almost dead.
Duvessa hits you with a short sword!
You completely miss Duvessa.
Duvessa is almost dead.
Duvessa hits you with a short sword!
* * * LOW HITPOINT WARNING * * *
You hit Duvessa but do no damage.
Duvessa is almost dead.
Duvessa hits you with a short sword!
* * * LOW HITPOINT WARNING * * *
You hit Duvessa but do no damage.
Duvessa is almost dead.
Duvessa hits you with a short sword!
You die...

#.#########
#...).....#
#.#######.# #.# #.#
#.# #.# #.# #.# #.#
#.# #)# #.# #@# #.#
#######e# #.#
##.....#.# #.#
......>#.#######.#
#........##.#
###.######.##.##
...................#
..#.##..#.####.##..#
# #..#.##....#..#


You could see Duvessa (berserk).

Vanquished Creatures
  Menkaure (D:4)
  An eye of draining (D:4)
  3 ogres (D:4)
  Dowan (D:5)
  4 crimson imps
  3 bullfrog zombies
  2 hounds (D:4)
  3 worker ants
  A hound zombie (D:5)
  A hound skeleton (D:4)
  3 worker ant zombies (D:4)
  4 howler monkey zombies (D:4)
  5 adders
  8 gnolls
  3 oozes
  2 adder skeletons (D:4)
  An adder zombie (D:4)
  3 worms (D:2)
  3 dart slugs
  3 leopard geckos
  3 orcs
  2 giant cockroaches
  3 goblins
  8 hobgoblins
  7 jackals
  7 kobolds
  A ball python (D:1)
  10 bats
  4 frilled lizards
  A giant cockroach zombie (D:4)
  A leopard gecko zombie (D:4)
  3 quokka zombies (D:4)
  9 rats
114 creatures vanquished.

Notes
Turn   | Place    | Note
-------+----------+-------------------------------------------
     0 | D:1      | Harpaggios the Merfolk Gladiator began the quest for the
                  | Orb.
     0 | D:1      | Reached XP level 1. HP: 16/16 MP: 1/1
    72 | D:1      | Reached XP level 2. HP: 23/23 MP: 2/2
   248 | D:1      | Reached XP level 3. HP: 29/29 MP: 3/3
   774 | D:2      | Reached skill level 5 in Polearms
   910 | D:2      | Reached XP level 4. HP: 32/35 MP: 4/4
  1072 | D:2      | Found a faded altar of an unknown god.
  2271 | D:3      | Found a shimmering altar of Xom.
  2297 | D:3      | Reached skill level 5 in Dodging
  2297 | D:3      | Reached XP level 5. HP: 37/42 MP: 5/5
  2792 | D:3      | Reached skill level 6 in Polearms
  2961 | D:3      | Reached skill level 5 in Fighting
  2961 | D:3      | Reached XP level 6. HP: 31/51 MP: 6/6
  3512 | D:4      | Reached XP level 7. HP: 38/57 MP: 7/7
  3931 | D:4      | Found a staircase to the Ecumenical Temple.
  3940 | Temple   | Entered the Ecumenical Temple
  3974 | Temple   | Became a worshipper of Warmaster Okawaru
  4074 | D:4      | Reached skill level 7 in Polearms
  4455 | D:4      | Reached * piety under Okawaru
  4455 | D:4      | Reached XP level 8. HP: 65/65 MP: 0/8
  4483 | D:4      | Found a bloodstained altar of Trog.
  4553 | D:4      | Noticed Menkaure
  4575 | D:4      | Killed Menkaure
  4802 | D:5      | Entered Level 5 of the Dungeon
  4897 | D:5      | Found a shattered altar of Ashenzari.
  4995 | D:5      | Reached skill level 8 in Polearms
  5154 | D:5      | Noticed Duvessa
  5154 | D:5      | Noticed Dowan
  5166 | D:5      | Killed Dowan
  5218 | D:5      | Mangled by Duvessa

Skill      XL: |  1  2  3  4  5  6  7  8 |
---------------+-------------------------+-----
Fighting       | 3 4 5 6 7 |  7.6
Polearms       | 5 6 7 8 |  8.0
Dodging        | 5 6 7 |  7.3
Throwing       | 3 |  3.3

Action                   |  1- 3 |  4- 6 |  7- 9 || total
-------------------------+-------+-------+-------++-------
Melee: Trident           |   107 |   243 |    29 ||   379
       Spear             |       |       |   248 ||   248
Throw: Throwing net      |       |     3 |     2 ||     5
  Use: Scroll            |       |     9 |     3 ||    12
       Potion            |       |     4 |     2 ||     6
 Stab: Sleeping          |     1 |       |     1 ||     2
       Held in net/web   |       |     1 |     2 ||     3
  Eat: Chunk             |       |     8 |     6 ||    14
Armor: Leather armour    |    26 |    32 |    27 ||    85
Dodge: Dodged            |    57 |   111 |   138 ||   306
       Deflected         |       |     3 |       ||     3
